 Dungeon Crawl Stone Soup version 0.28.0-43-g3370ac3207 (webtiles) character file.

Game seed: 11808610329590872058

178 smarlow the Ducker (level 5, -1/39 HPs)
             Began as a Djinni Fire Elementalist on Feb 28, 2022.
             Slain by a centaur zombie (2 damage)
             ... on level 5 of the Dungeon.
             The game lasted 00:06:18 (4662 turns).

smarlow the Ducker (Djinni Fire Elementalist)       Turns: 4662, Time: 00:06:18

Health: -1/39      AC:  3    Str:  7    XL:     5   Next: 89%
Gold:   140        EV: 13    Int: 19    God:
                   SH:  0    Dex: 13

rFire   + + .      SeeInvis .   n - +0 short sword
rCold   x . .      Faith    .   (no shield)
rNeg    . . .      Spirit   .   a - +0 robe
rPois   ∞          Reflect  .   (no helmet)
rElec   .          Harm     .   e - +0 cloak
rCorr   .          Rampage  .   (no gloves)
Will    .....                   (boots unavailable)
Stlth   ++........              (no amulet)
HPRegen 0.13/turn               (no ring)
MPRegen 0.00/turn               (no ring)

@: flying, hasted, very quick
A: sickness immunity, fire resistance 2, cold vulnerability 1, float, innate
caster, HP casting, extra vitality 1
a: no special abilities


You were on level 5 of the Dungeon.
You visited 1 branch of the dungeon, and saw 5 of its levels.

You collected 140 gold pieces.

Inventory:

Hand Weapons
 n - a +0 short sword (weapon)
Armour
 a - a +0 robe (worn)
 e - a +0 cloak (worn)
Scrolls
 b - a scroll of magic mapping {unknown}
 c - a scroll of enchant armour {unknown}
 h - a scroll of amnesia {unknown}
 i - a scroll of acquirement {unknown}
 j - a scroll of vulnerability {unknown}
 l - a scroll of enchant weapon {unknown}
 m - a scroll of silence {unknown}


   Skills:
 * Level 2.3 Fighting
 + Level 3.4 Dodging
 * Level 2.9 Stealth
 * Level 3.1 Spellcasting


You couldn't memorise any spells.
You knew the following spells:

 Your Spells              Type           Power      Damage    Failure   Level
a - Foxfire               Conj/Fire      56%        2x1d6     4%          1
b - Scorch                Fire           28%        2d6       6%          2
c - Conjure Flame         Conj/Fire      14%        6-21      12%         3
d - Inner Flame           Hex/Fire       14%        N/A       12%         3
e - Flame Wave            Conj/Fire      14%        2d6       38%         4
f - Beastly Appendage     Tmut           28%        N/A       4%          1
g - Ensorcelled Hibernat  Hex/Ice        28%        N/A       6%          2
Your spell library was empty.

Dungeon Overview and Level Annotations

Branches:
Dungeon (5/15)
 Temple: D:4-7

Altars:
Makhleb
Wu Jian

Shops:
D:5 ?

Annotations:
D:4 Blork the orc


Innate Abilities, Weirdness & Mutations

You are immune to sickness and miasma.
You are immune to poison.
Your flesh is very heat resistant. (rF++)
You are vulnerable to cold. (rC-)
You float through the air rather than walking.
You learn spells naturally, not from books.
Your magical power is your life essence.
You have superior vitality. (+4 MHP)


Message History

Press: ? - help, Q - select action, (/) - cycle Dir - look around, f - activate You conjure some foxfire!
The foxfire hits the scorpion but does no damage.
The foxfire hits the centaur zombie.
The centaur zombie is moderately damaged.
Casting: Foxfire (safe; 4% risk of failure)
Confirm with . or Enter, or press ? or * to list all spells.
Flames lash the centaur zombie.
The centaur zombie is moderately damaged.
The centaur zombie's fire resistance burns away.
* * * LOW HITPOINT WARNING * * *
You hear a shout!
The foxfire hits the scorpion but does no damage.
The foxfire hits the centaur zombie.
The centaur zombie is moderately damaged.
You hear a bark!
It was a potion of attraction.
You feel attractive to monsters. The scorpion stings you!
* * * LOW HITPOINT WARNING * * *
The centaur zombie barely misses you. x2
It was a potion of brilliance.
You feel clever all of a sudden.
The scorpion stings you but does no damage.
The centaur zombie hits you.
* * * LOW HITPOINT WARNING * * *
The centaur zombie kicks you but does no damage.
It was a potion of cancellation.
Your magical effects are unravelling.
You feel magically purged.
You feel a little less clever now.
The centaur zombie is no longer more vulnerable to fire.
The scorpion closely misses you. The centaur zombie closely misses you.
The centaur zombie kicks you.
* * * LOW HITPOINT WARNING * * *
You feel less attractive to monsters.
It was a potion of haste.
You feel yourself speed up. The scorpion barely misses you.
The centaur zombie misses you. x2
The scorpion closely misses you. The centaur zombie hits you.
You die...

###......###...
...............
#..........#...
......>..#...
#........8.#
#.......###
##....<...8#
.........s..#.#
.$..[8...@...8#
#######..Z....#
#8...>..#
?........#
###..8....#
........#
##..##....
#..######.


You could see a scorpion and a centaur zombie.

Vanquished Creatures
  A scorpion (D:3)
  An orc priest (D:4)
  2 adders
  3 worms
  2 dart slugs
  2 orcs (D:4)
  4 bats
  6 endoplasms
  A giant cockroach (D:3)
  7 goblins
  6 hobgoblins
  3 jackals (D:3)
  A quokka (D:3)
  6 ball pythons
  11 frilled lizards
  7 kobolds
  2 rats
65 creatures vanquished.

Vanquished Creatures (others)
  179 foxfires
  2 fungi (D:5)
  3 plants (D:1)
184 creatures vanquished.

Grand Total: 249 creatures vanquished

Notes
Turn   | Place    | Note
-------+----------+-------------------------------------------
     0 | D:1      | smarlow the Djinni Fire Elementalist began the quest for
                  | the Orb.
     0 | D:1      | Reached XP level 1. HP: 15/15 MP: 0/0
   601 | D:1      | Reached XP level 2. HP: 18/22 MP: 0/0
  1118 | D:1      | Reached skill level 1 in Fighting
  1118 | D:1      | Reached XP level 3. HP: 18/27 MP: 0/0
  1118 | D:1      | Learned a level 1 spell: Beastly Appendage
  2167 | D:2      | Reached XP level 4. HP: 29/32 MP: 0/0
  2937 | D:3      | Found a burning altar of Makhleb.
  3163 | D:3      | Noticed a scorpion
  3177 | D:3      | Killed a scorpion
  3178 | D:3      | Reached XP level 5. HP: 28/38 MP: 0/0
  3178 | D:3      | Learned a level 2 spell: Ensorcelled Hibernation
  3964 | D:3      | Found an ornate altar of the Wu Jian Council.
  4629 | D:4      | Noticed Blork the orc
  4652 | D:5      | Entered Level 5 of the Dungeon
  4652 | D:5      | Found Fityta's Magic Scroll Shoppe.
  4661 | D:5      | HP: 1/39 [centaur zombie (1)]
  4662 | D:5      | Slain by a centaur zombie

Illustrated notes

Levels and vault maps discovered:
D:1:      elethiomel_arrival_quiet, layout_basic, minmay_misc_feat_more_columns,
          columned_hall_lemuel, minmay_lizard_king
D:2:      layout_basic
D:3:      layout_rooms, mainiacjoe_overflow_24_doors, marbit_many_paths
D:4:      layout_loops_ring, minmay_misc_feat_hallway, uniq_blork_the_orc
D:5:      layout_loops_ring, serial_shops, nicolae_square_shop, serial_aquarium,
          aquarium_bridge_square [aquarium_subvault_bridge,
          aquarium_subvault_wall, aquarium_subvault_bridge,
          aquarium_subvault_bridge], aquarium_window_1, aquarium_window_1,
          aquarium_window_corner, aquarium_view_2b, nicolae_stop_n_shop_1,
          uniq_crazy_yiuf_cottage, uniq_menkaure

Skill      XL: |  1  2  3  4 |
---------------+-------------+-----
Stealth        | 2 |  2.9
Fighting       | 1 2 |  2.3
Dodging        | 3 |  3.4
Spellcasting   | 3 |  3.1

Action                   |  1- 3 |  4- 6 || total
-------------------------+-------+-------++-------
Melee: Hand axe          |    20 |       ||    20
       Short sword       |       |     1 ||     1
 Cast: Foxfire           |    65 |    63 ||   128
       Scorch            |     4 |    19 ||    23
       Ensorcelled Hiber |       |     8 ||     8
  Use: Potion            |       |     4 ||     4
 Stab: Sleeping          |     2 |       ||     2
Armor: Robe              |     9 |     2 ||    11
Dodge: Dodged            |    11 |    14 ||    25
